 Dungeon Crawl Stone Soup version 0.17-a0-2064-g265a032 (webtiles) character file.

1007 graki42 the Changer (level 8, -5/52 HPs)
             Began as an Octopode Transmuter on Oct 12, 2015.
             Killed by divine providence
             ... invoked by an orc priest
              (13 damage)
             ... on level 5 of the Dungeon.
             The game lasted 00:23:17 (5631 turns).

graki42 the Changer (Octopode Transmuter)           Turns: 5631, Time: 00:23:18

Health: -5/52      AC:  2    Str:  9    XL:     8   Next: 20%
Magic:  12/14      EV: 23    Int: 16    God:
Gold:   157        SH:  0    Dex: 24    Spells: 2 memorised, 11 levels left

rFire  . . .     SeeInvis .       - Unarmed
rCold  . . .     Clarity  .     (shield currently unavailable)
rNeg   . . .     SustAt   .     (helmet currently unavailable)
rPois  x         Gourm    .     (no amulet)
rElec  .         Spirit   .     i - +5 ring of dexterity
rCorr  .         Warding  .     (no ring)
rMut   .         Stasis   .     (no ring)
MR     .....                    (no ring)
Stlth  ++++......               (no ring)
                                (no ring)
                                (no ring)
                                (no ring)

@: spider-form, not resistant to hostile enchantments, stealthy
A: almost no armour, amphibious, 8 rings, (constrict 8), (camouflage 0),
(gelatinous body 0)
a: End Transformation


You were on level 5 of the Dungeon.
You were not hungry.
You were a venomous arachnid creature.
You visited 1 branch of the dungeon, and saw 5 of its levels.

You collected 157 gold pieces.

Inventory:

Missiles
 a - 34 arrows
 p - a throwing net (quivered)
Jewellery
 i - a +5 ring of dexterity (left front leg)
 o - an uncursed ring of ice
 w - an uncursed ring of ice
 y - an uncursed amulet of clarity {unknown}
Wands
 x - a wand of frost (18)
Scrolls
 d - 2 scrolls of immolation {unknown}
 e - 4 scrolls of teleportation {unknown}
 f - 5 scrolls of identify {unknown}
 h - 2 scrolls of recharging {unknown}
 j - 3 scrolls of remove curse {unknown}
 m - a scroll of enchant weapon {unknown}
 n - 2 scrolls of enchant armour {unknown}
 t - 2 scrolls of fog {unknown}
 u - a scroll of fear {unknown}
Potions
 g - a potion of curing
 k - 2 potions of flight {unknown}
 l - a potion of brilliance {unknown}
 q - a potion of poison {unknown}
 r - a potion of lignification {unknown}
 v - a potion of agility {unknown}
 z - a potion of heal wounds {unknown}
Books
 b - a book of Changes

   Spells                             Type                      Level
   a - Beastly Appendage              Transmutation                1
   b - Sticks to Snakes               Transmutation                2
   c - Spider Form                    Transmutation/Poison         3
   d - Ice Form                       Ice/Transmutation            4
   e - Blade Hands                    Transmutation                5
Comestibles
 c - 2 bread rations
 s - a beef jerky


   Skills:
 + Level 3.1 Fighting
 + Level 3.7 Dodging
 + Level 4.3 Stealth
 + Level 4.2 Unarmed Combat
 + Level 4.2 Spellcasting
 * Level 5.3 Transmutations
 + Level 1.3 Poison Magic


You had 11 spell levels left.
You knew the following spells:

 Your Spells              Type           Power        Failure   Level  Hunger
a - Beastly Appendage     Trmt           ###...       8%          1    None
b - Spider Form           Trmt/Pois      ##........   32%         3    ###....


Dungeon Overview and Level Annotations

Branches:
Dungeon (5/15)
 Temple: D:4-7

Altars:
Ashenzari
Gozag
Okawaru
Vehumet
Xom
The Shining One

Shops:
D:4 %

Annotations:
D:3 Yermak's ghost, weakling OpAs


Innate Abilities, Weirdness & Mutations

You cannot wear most types of armour.
You are amphibious.
You can wear up to eight rings at the same time.
((You can use your tentacles to constrict eight enemies at once.))
((Your skin changes colour to match your surroundings (Stealth).))
((Your rubbery body absorbs attacks (AC +1).))


Message History

The orc misses you.
You bite the orc!
You kill the orc!
You hit the orc.
The orc is poisoned.
The orc is severely wounded.
The orc hits you with a club.
You hit the orc.
The orc is almost dead.
You kill the orc!
The orc priest calls down the wrath of Beogh upon you.
Something smites you!
You hit the orc.
The orc is poisoned.
The orc is heavily wounded.
The orc closely misses you.
The orc priest mumbles some strange prayers to Beogh against you.
Something smites you!
* * * LOW HITPOINT WARNING * * *
The orc priest invokes the aid of Beogh against you.
Something smites you!
You die...

##### ####.... #.....#
#.....# #.#####.....# #.#
#..o()o)....# #.#
.#######s....###.#
.............+...#
########.....##..########
#.............#..##......
#.###########.#..##......
#.......#...#.#..##......
#######.##....#...'......
#..........##.###......
#...#.###..##.# #......


You could see an orc priest and an orc.

Vanquished Creatures
  Sigmund (D:5)
  Edmund (D:4)
  A necrophage (D:4)
  A phantom (D:4)
  An ogre (D:4)
  A scorpion (D:4)
  An orc wizard (D:5)
  Crazy Yiuf (D:4)
  3 orc priests
  A worker ant (D:4)
  3 iguanas
  6 adders
  An ooze (D:1)
  3 adder skeletons
  2 worms
  3 giant geckos
  14 orcs
  3 ball pythons
  8 bats
  10 goblins
  11 hobgoblins
  8 jackals
  4 kobolds
  9 giant cockroaches
  A giant gecko skeleton (D:4)
  8 giant newts
  A jackal zombie (D:5)
  A quokka zombie (D:5)
  7 rats
115 creatures vanquished.

Notes
Turn   | Place    | Note
--------------------------------------------------------------
     0 | D:1      | graki42 the Octopode Transmuter began the quest for the Orb.
     0 | D:1      | Reached XP level 1. HP: 13/13 MP: 3/3
   102 | D:1      | Reached XP level 2. HP: 13/18 MP: 5/5
   933 | D:1      | Reached skill level 1 in Stealth
   933 | D:1      | Reached XP level 3. HP: 20/23 MP: 4/6
  1783 | D:2      | Reached XP level 4. HP: 28/28 MP: 4/8
  1980 | D:2      | Found a shattered altar of Ashenzari.
  2870 | D:3      | Reached XP level 5. HP: 24/33 MP: 7/9
  3085 | D:3      | Noticed Yermak's ghost (weakling OpAs)
  3221 | D:4      | Found Bitaock's Food Shop.
  3224 | D:4      | Noticed a necrophage
  3235 | D:4      | Killed a necrophage
  3380 | D:4      | Found an opulent altar of Gozag.
  3449 | D:4      | Found a radiant altar of Vehumet.
  3449 | D:4      | Found a glowing golden altar of the Shining One.
  3449 | D:4      | Noticed an ogre
  3468 | D:4      | Reached skill level 4 in Transmutations
  3468 | D:4      | Reached XP level 6. HP: 14/39 MP: 5/10
  3599 | D:4      | Killed an ogre
  3601 | D:4      | Noticed Edmund
  3661 | D:4      | Learned a level 3 spell: Spider Form
  3669 | D:4      | Noticed Crazy Yiuf
  3678 | D:4      | Killed Crazy Yiuf
  3956 | D:4      | Noticed a phantom
  3992 | D:4      | Killed a phantom
  3992 | D:4      | Reached XP level 7. HP: 33/45 MP: 6/12
  4286 | D:4      | Killed Edmund
  4674 | D:4      | Reached skill level 1 in Poison Magic
  4999 | D:3      | Found an iron altar of Okawaru.
  4999 | D:3      | Found a shimmering altar of Xom.
  5165 | D:5      | Entered Level 5 of the Dungeon
  5165 | D:5      | Noticed Sigmund
  5293 | D:5      | Reached skill level 5 in Transmutations
  5457 | D:5      | Killed Sigmund
  5457 | D:5      | Reached XP level 8. HP: 30/52 MP: 8/14
  5631 | D:5      | Killed from afar by an orc priest

Vault maps used:
D:1:      onia_arrival_larder
D:2:      ashenzari_conservatory_becter
D:3:      amethyst_overflow_temple_binary, minivault_24, minmay_ruptured
D:4:      kennysheep_mini_moat, grunt_temple_overflow_open, serial_shops,
          nicolae_shop_waterfront, hangedman_abyss_or_decor_slice,
          uniq_crazy_yiuf_cottage, uniq_edmund
D:5:      lemuel_coloured_pillars_altar, old_standard_altar, first_bread,
          serial_shops, shop, uniq_prince_ribbit1, uniq_sigmund

Action                   |  1- 3 |  4- 6 |  7- 9 || total
-------------------------+-------+-------+-------++-------
Melee: Unarmed           |    81 |   118 |   115 ||   314
 Cast: Beastly Appendage |    25 |    32 |     9 ||    66
       Spider Form       |       |     3 |     8 ||    11
  Use: Potion            |       |     1 |       ||     1
 Stab: Sleeping          |     7 |     9 |     2 ||    18
  Eat: Chunk             |     3 |     7 |     7 ||    17
